 Dungeon Crawl Stone Soup version 0.27.1-33-g824d729ab1 (webtiles) character file.

Game seed: 9114717546848244056

39 Holzbalken the Chopper (level 3, 31/31 HPs)
             Began as a Palentonga Fighter on Dec 14, 2021.
             Quit the game on level 1 of the Dungeon.
             The game lasted 00:03:36 (1286 turns).

Holzbalken the Chopper (Palentonga Fighter)         Turns: 1286, Time: 00:03:36

Health: 31/31      AC:  6    Str: 20    XL:     3   Next: 26%
Magic:  3/3        EV:  5    Int:  8    God:
Gold:   107        SH:  8    Dex:  9    Spells: 2/2 levels left

rFire    . . .     SeeInvis +   a - +0 war axe
rCold    . . .     Faith    .   c - +0 kite shield
rNeg     . . .     Spirit   .   b - +0 scale mail
rPois    .         Reflect  .   (no helmet)
rElec    .         Harm     .   (no cloak)
rCorr    .         Rampage  .   (no gloves)
Will     .....                  (no barding)
Stlth    ..........             (no amulet)
HPRegen  0.10/turn              (no ring)
MPRegen  0.08/turn              (no ring)

@: no status effects
A: large, rugged brown scales 3, see invisible, deformed body, roll 1, armoured
tail
a: Rolling Charge


You were on level 1 of the Dungeon.
You visited 1 branch of the dungeon, and saw 1 of its levels.

You collected 107 gold pieces.

Inventory:

Hand Weapons
 a - a +0 war axe (weapon)
Armour
 b - a +0 scale mail (worn)
 c - a +0 kite shield (worn)
Scrolls
 e - a scroll of immolation {unknown}
 f - a scroll of acquirement {unknown}
 h - a scroll of identify {unknown}
 i - a scroll of vulnerability {unknown}
Potions
 d - a potion of might
 g - a potion of invisibility {unknown}


   Skills:
 - Level 3.0 Fighting
 * Level 3.3 Axes
 - Level 2.4 Armour
 + Level 2.8 Shields


You had 2 spell levels left.
You didn't know any spells.
Your spell library was empty.

Dungeon Overview and Level Annotations

Branches:
Dungeon (1/15)

Altars:


Innate Abilities, Weirdness & Mutations

You are completely covered in rugged brown scales. (AC +3, +7% HP)
You have supernaturally acute eyesight. (SInv)
Armour fits poorly on your strangely shaped body.
You can roll at nearby foes to attack.
You have a long armoured tail.


Message History

You hit the bush but do no damage. You hit the bush.
You destroy the bush!
You hit the bush but do no damage.
You see here a frilled lizard corpse.
You see here a frilled lizard skeleton.
Things that are here:
a +0 short sword; a kobold corpse
Things that are here:
a +0 dagger; a kobold corpse A bat comes into view.
You barely miss the bat. The bat hits you. You block the bat's attack.
The bat barely misses you.
You hit the bat.
You kill the bat!
No target in view!
No target in view!
No target in view!
No target in view!
No target in view!
No target in view!
No target in view!
No target in view!
No target in view!
No target in view!
No target in view!
No target in view!
No target in view!
No target in view!
Found a scroll labelled YWKUPE XAVYN.
i - a scroll labelled YWKUPE XAVYN You see here 25 stones.
You see here 25 stones.
You see here 25 stones.
Partly explored, can't reach some items.
Partly explored, can't reach some items.
Press: ? - help, v - describe, . - travel The floor.
Unknown command.
Are you sure you want to abandon this character and quit the game? (Confirm with "yes".)

#.### #.#
###.######## .##
##.# #### ## #..#
#.# ##.## #.# #..#
#.# ##.## #.# #..#
#.# #####.## #.#
......# #@#
##.#############.#
#...............#
#################


There were no monsters in sight!

Vanquished Creatures
  A dart slug (D:1)
  2 ball pythons (D:1)
  3 bats (D:1)
  2 endoplasms (D:1)
  3 giant cockroaches (D:1)
  A goblin (D:1)
  A hobgoblin (D:1)
  4 jackals (D:1)
  7 kobolds (D:1)
  2 quokkas (D:1)
  3 frilled lizards (D:1)
  4 rats (D:1)
  A bush (D:1)
  A toadstool (D:1)
35 creatures vanquished.

Vanquished Creatures (others)
  6 fungi (D:1)
  4 plants (D:1)
  4 toadstools (D:1)
14 creatures vanquished.

Grand Total: 49 creatures vanquished

Notes
Turn   | Place    | Note
-------+----------+-------------------------------------------
     0 | D:1      | Holzbalken the Palentonga Fighter began the quest for the
                  | Orb.
     0 | D:1      | Reached XP level 1. HP: 19/19 MP: 1/1
   135 | D:1      | Reached XP level 2. HP: 24/25 MP: 2/2
   347 | D:1      | Found a faded altar of an unknown god.
   917 | D:1      | Reached XP level 3. HP: 30/31 MP: 3/3
  1286 | D:1      | Quit the game

Illustrated notes

Levels and vault maps discovered:
D:1:      dpeg_arrival_radiant, layout_loops_ring, basic_ecumenical_altar,
          corexii_item_surrounded_by_moat, minmay_gold_behind_fungi,
          grunt_decor_arrowhead, amethyst_killhole, lexackson_kobold_supper

Skill      XL: |  1  2 |
---------------+-------+-----
Axes           | 3 |  3.3
Fighting       | |  3.0
Armour         | |  2.4
Shields        | |  2.8

Action                   || total
-------------------------++-------
Melee: War axe           ||   124
       Tailslap          ||    21
 Abil: Rolling Charge    ||     2
Armor: Scale mail        ||    45
Dodge: Dodged            ||    24
Block: Kite shield       ||    47
